 Dungeon Crawl Stone Soup version 0.29.1-15-g9cfb28693d (webtiles) character file.

Game seed: 9203560844075507510

2 monsoonserge the Vexing (level 1, -1/13 HPs)
             Began as a Vampire Enchanter on Apr 25, 2023.
             Slain by a jackal (2 damage)
             ... on level 1 of the Dungeon.
             The game lasted 00:00:39 (128 turns).

monsoonserge the Vexing (Vampire Enchanter)          Turns: 128, Time: 00:00:39

Health: -1/13      AC:  2    Str:  7    XL:     1   Next: 33%
Magic:  3/3        EV: 12    Int: 17    God:
Gold:   35         SH:  0    Dex: 14    Spells: 4/4 levels left

rFire   . . .      SeeInvis +   a - +1 dagger
rCold   . . .      Faith    .   (no shield)
rNeg    . . .      Spirit   .   b - +0 robe
rPois   .          Reflect  .   (no helmet)
rElec   .          Harm     .   (no cloak)
rCorr   .          Rampage  .   (no gloves)
Will    .....                   (no boots)
Stlth   +++.......              (no amulet)
HPRegen 0.24/turn               (no ring)
MPRegen 0.08/turn               (no ring)

@: healing quickly
A: alive, fangs 3, see invisible, vampiric 1
a: Exsanguinate


You were on level 1 of the Dungeon.
You visited 1 branch of the dungeon, and saw 1 of its levels.

You collected 35 gold pieces.

Inventory:

Hand Weapons
 a - a +1 dagger (weapon)
Armour
 b - a +0 robe (worn)
Scrolls
 d - a scroll of identify {unknown}
 e - a scroll of noise {unknown}
Potions
 c - 2 potions of invisibility


   Skills:
 + Level 1.1 Short Blades
 + Level 2.1 Dodging
 + Level 4.5 Stealth
 - Level 2.0 Spellcasting
 + Level 4.6 Hexes


You had 4 spell levels left.
You didn't know any spells.
Your spell library contained the following spells:

 Spells                   Type           Power      Damage    Failure   Level
 Confusing Touch          Hex            17%        N/A       9%          3
 Tukima's Dance           Hex            17%        N/A       9%          3
 Ensorcelled Hibernation  Hex/Ice        18%        N/A       12%         2
 Dazzling Flash           Conj/Hex       18%        N/A       22%         3


Dungeon Overview and Level Annotations

Branches:
Dungeon (1/15)

Altars:


Innate Abilities, Weirdness & Mutations

Your natural rate of healing is accelerated.
You have razor-sharp teeth.
You have supernaturally acute eyesight. (SInv)
You are afflicted with vampirism.


Message History

2 jackals come into view.
You see here a rat corpse.
The jackal barks! x2; You hear a bark!
You hear a shout!
A jackal comes into view. x2
You hit the jackal but do no damage. Your bite misses the jackal.
The jackal bites you but does no damage.
A hobgoblin comes into view.
A bat comes into view.
The jackal bites you.
You hit the jackal.
The jackal is moderately wounded.
The jackal bites you. The jackal misses you. The jackal bites you.
You closely miss the jackal.
The jackal is moderately wounded.
The jackal misses you. The jackal barely misses you.
Okay, then.
You barely miss the jackal.
The jackal is moderately wounded.
The bat barely misses you. The jackal closely misses you.
The jackal barely misses you.
The jackal bites you but does no damage.
You closely miss the jackal.
The jackal is moderately wounded.
The jackal bites you. The jackal barely misses you. x2
The jackal bites you but does no damage.
The jackal bites you. x2
You hit the jackal.
The jackal is almost dead.
The bat hits you but does no damage. The jackal barely misses you. x2
The jackal completely misses you.
You hit the jackal.
You kill the jackal!
The bat misses you. The jackal completely misses you.
The jackal barely misses you. The jackal bites you.
* * * LOW HITPOINT WARNING * * *
The jackal bites you.
* * * LOW HITPOINT WARNING * * *
You completely miss the jackal.
The jackal bites you but does no damage.
The bat closely misses you. The jackal bites you.
You die...

......... .........
......... ##
........### .##
........# ..##
#......# ...##
####.ghh..# ....#
......h@..# #...
......b...# #
........†.+ ##
..........# .#
..........# .#
..........## .#
..........# #######
#.........+
#.....###.........#


You could see 3 jackals, a hobgoblin and a bat.

Vanquished Creatures
  A jackal (D:1)
  A bat (D:1)
  A rat (D:1)
3 creatures vanquished.

Notes
Turn   | Place    | Note
-------+----------+-------------------------------------------
     0 | D:1      | monsoonserge the Vampire Enchanter began the quest for the
                  | Orb.
     0 | D:1      | Reached XP level 1. HP: 13/13 MP: 3/3
   128 | D:1      | Slain by a jackal

Illustrated notes

Levels and vault maps discovered:
D:1:      dpeg_arrival_circle_labyrinth_c, layout_basic,
          dreamdust_ecumenical_altar_hidden_monk_grotto

Action                   || total
-------------------------++-------
Melee: Dagger            ||    12
 Stab: Sleeping          ||     1
Armor: Robe              ||     5
Dodge: Dodged            ||    17
